AoeStats
← Chispita

Pilgrims

509803614Analyzed
3v3 RM · 3d ago on Sep 28, 2026· 51m 27s· 6 players
Game mode
Random Map
Map size
Normal (6 player)
Population
200
Speed
Normal
Resources
Standard
Victory
Conquest
Starting age
Dark Age
Ending age
Imperial Age
RankedLock teamsTeams togetherTeam positionsShared explorationLock speedFull tech treeHidden civsTurbo modeCheats
Victory
Defeat
🇮🇩 Vietnamese · Indonesia
985
+10
🇦🇷 Maya · Argentina
976
+10
🇨🇱 Aztecs · Chile
936
+12
🇦🇷 Italians · Argentina
934
-14
🇨🇱 Sicilians · Chile
819
-10
🇦🇷 Spanish · Argentina
779
-8
ChumaPrime
6:47 Loom
9:04 Feudal Age
9:45 Horse Collar
9:53 Double-Bit Axe
11:17 Fishing Lines
14:15 Man-at-Arms
19:41 Castle Age
23:51 Wheelbarrow
24:57 Arson
26:07 Heavy Plow
26:28 Gillnets
29:53 Imperial Age
27:37 Gold Mining
31:41 Bow Saw
31:55 Ballistics
33:00 Fervor
33:18 Hand Cart
34:57 Chemistry
34:17 Medium Warships
35:43 Stone Mining
42:05 Gold Shaft Mining
42:05 Stone Shaft Mining
41:08 Elite Jaguar Warrior
43:36 Onager
46:10 Heavy Warships
46:25 Crop Rotation
46:08 Forging
45:59 Scale Mail Armor
47:38 Redemption
47:28 Devotion
47:24 Herbal Medicine
47:53 Siege Onager
PushySpoon29648
12:10 Feudal Age
15:36 Scale Mail Armor
16:40 Fletching
21:53 Castle Age
22:53 Bodkin Arrow
22:25 Crossbowman
23:10 Thumb Ring
26:09 Padded Archer Armor
26:32 Double-Bit Axe
30:45 Wheelbarrow
30:32 Ballistics
33:46 Hand Cart
37:51 Leather Archer Armor
41:19 Imperial Age
42:27 Gold Mining
42:27 Stone Mining
42:42 Arbalester
45:14 Conscription
44:17 Elite Plumed Archer
45:25 Loom
48:47 Chemistry
47:51 Bracer
48:21 Ring Archer Armor
DekaJe
4:01 Loom
27:44 Feudal Age
28:47 Man-at-Arms
34:34 Fletching
42:25 Horse Collar
48:08 Castle Age
46:56 Double-Bit Axe
49:31 Heavy Plow
JEFRYY
8:40 Loom
11:28 Feudal Age
13:44 Fletching
29:17 Castle Age
30:44 Bodkin Arrow
32:25 Padded Archer Armor
33:19 Elite Skirmisher
46:04 Double-Bit Axe
Chispita
17:49 Feudal Age
20:50 Wheelbarrow
22:07 Gold Mining
22:03 Fishing Lines
23:52 Double-Bit Axe
24:55 Stone Mining
35:46 Horse Collar
41:12 Castle Age
42:54 Gillnets
47:53 Hand Cart
Keep.It.Real
11:12 Loom
13:03 Feudal Age
11:21 Loom
25:05 Wheelbarrow
29:58 Castle Age
27:42 Horse Collar
28:02 Double-Bit Axe
28:11 Gold Mining
29:27 Scale Mail Armor
34:33 Forging
36:59 Heavy Plow
37:37 Bow Saw
38:08 Gold Shaft Mining
41:19 Husbandry
45:03 Scale Barding Armor
45:33 Iron Casting
Connection lost

Rejoining the realm…

Still unreachable

The connection could not be restored.

Session expired

The server has moved on; the page needs a fresh start.